 Dungeon Sprint DCSS version 0.32-a0-128-g77eb882913 (webtiles) character file.

Game seed: 18369848313809678111

1882 dialectric the Imperceptible (level 8, -5/43 HPs)
             Began as a Spriggan Brigand on Feb 8, 2024.
             Was a Follower of Dithmenos.
             Slain by a deep troll (12 damage)
             ... in the Dungeon (Sprint I: "Red Sonja").
             The game lasted 00:01:22 (199 turns).

dialectric the Imperceptible (Spriggan Brigand)      Turns: 199, Time: 00:01:22

Health: -5/43      AC:  3    Str:  7    XL:     8   Next: 92%
Magic:  9/9        EV: 21    Int: 13    God:    Dithmenos [*.....]
Gold:   526        SH:  0    Dex: 18    Spells: 7/7 levels left

rFire   . . .        j - +2 dagger (drain)
rCold   . . .        (no shield)
rNeg    . . .        b - +0 robe
rPois   .            (helmet restricted)
rElec   .            c - +0 cloak
rCorr   .            (gloves unavailable)
SInv    +            (boots unavailable)
Will    +....        (no amulet) Stlth *+++++++++
                     (no ring)
HPRegen 0.27/turn    (no ring)
MPRegen 0.11/turn

%: no teleportation
@: wreathed by umbra, very quick
A: very small, no large weapons, unfitting armour, see invisible, speed 3
a: Renounce Religion


You were in the Dungeon.
You worshipped Dithmenos.
Dithmenos was aware of your devotion.
You visited 1 branch You collected 526 gold pieces.

Inventory:

Hand Weapons
 a - a +2 dagger
 j - a +2 dagger of draining (weapon)
Missiles
 d - 9 poisoned darts
 e - 7 curare-tipped darts (quivered)
Armour
 b - a +0 robe (worn)
 c - a +0 cloak (worn)
Wands
 l - a wand of light (6)
Scrolls
 k - a scroll of blinking
 m - a scroll of poison {unknown}
Potions
 f - a potion of curing
 g - a potion of heal wounds
 h - a potion of haste
 i - 2 potions of magic
 n - a potion of enlightenment {unknown}


   Skills:
 + Level 5.3 Fighting
 + Level 7.2 Short Blades
 - Level 2.5 Throwing
 - Level 7.1 Dodging
 + Level 25.2 Stealth


You had 7 spell levels left.
You didn't know any spells.
Your spell library was empty.

Dungeon Overview and Level Annotations

Branches:
Dungeon (1/1)

Altars:
Cheibriados
Dithmenos
Elyvilon
Fedhas
Gozag
Hepliaklqana
Kikubaaqudgha
Makhleb
Nemelex Xobeh
Okawaru
Qazlal
Ru
Sif Muna
Trog
Uskayaw
Vehumet
Wu Jian
Xom
Yredelemnul
Zin
The Shining One
Jiyva
Lugonu

Shops:
D =


Innate Abilities, Weirdness & Mutations

You are very small and have problems with some larger weapons.
You are too small for most types of armour.
You have supernaturally acute eyesight. (SInv)
You cover ground extremely quickly. (Speed+++)


Message History

You feel yourself slow down.
There is an open door here.
There is an open door here.
There is an open door here.
There is an open door here.
There is a radiant altar of Vehumet here.
You start resting.
You feel yourself speed up.
You start resting.
You recover from your berserk rage.
You open the door.
Sonja, the Graceful Assassin comes into view.
She is wielding a +2 dagger of draining and quivering curare-tipped darts.
Found 54 gold pieces.
Found 54 gold pieces.
There is an open door here.
The helpless Sonja fails to defend herself.
You perforate Sonja like a sieve!!!!!
You kill Sonja!
Dithmenos accepts your kill.
Your Fighting skill increases to level 5!
Your Short Blades skill increases to level 7!
Your Stealth skill gained 2 levels and is now at level 25!
e - 7 curare-tipped darts (gained 4)
Things that are here:
a +2 dagger of draining; the kobold corpse of Sonja
j - a +2 dagger of draining You now have 445 gold pieces (gained 27).
You now have 472 gold pieces (gained 27).
You sense an unholy aura.
j - a +2 dagger of draining (weapon)
You now have 499 gold pieces (gained 27).
You now have 526 gold pieces (gained 27).
You open the door.
A deep troll comes into view.
Found 108 gold pieces.
There is an open door here.
The deep troll bites you!!
* * * LOW HITPOINT WARNING * * *
The deep troll claws you!
You die...

#..#####'#####'#__####)..+
#..####..#...#.#### #####
#..#__####..##.#
#..#_____##'#_.+
#⌠⌠#_.∩..†'..._#
####_..__##_.#'#
#_____###'#.#
#########.####+###
+...'@T.$$+ #.†.#######
##.## #+#


You could see a deep troll.

Vanquished Creatures
  Sonja (D)
  2 kobold demonologists (D)
  A glass eye (D)
  Sigmund (D)
  A slime creature (D)
  A yak (D)
  An ogre (D)
  A jelly (D)
  Ijyb (D)
10 creatures vanquished.

Notes
Turn   | Place    | Note
-------+----------+-------------------------------------------
     0 | D        | dialectric the Spriggan Brigand began the quest for the
                  | Orb.
     0 | D        | Reached XP level 1. HP: 10/10 MP: 2/2
     1 | D        | Noticed Ijyb
     4 | D        | Killed Ijyb
     5 | D        | Reached skill level 9 in Stealth
     5 | D        | Reached XP level 2. HP: 15/15 MP: 3/3
     9 | D        | Noticed an ogre
    11 | D        | Killed an ogre
    12 | D        | Reached skill level 13 in Stealth
    12 | D        | Reached XP level 3. HP: 19/19 MP: 4/4
    12 | D        | Reached XP level 4. HP: 23/23 MP: 5/5
    14 | D        | Noticed Sigmund
    16 | D        | Killed Sigmund
    17 | D        | Reached skill level 5 in Dodging
    17 | D        | Reached skill level 16 in Stealth
    17 | D        | Reached XP level 5. HP: 28/28 MP: 6/6
    17 | D        | Reached XP level 6. HP: 32/32 MP: 7/7
    38 | D        | Found a shimmering blue altar of Sif Muna.
    39 | D        | Found an ornate altar of the Wu Jian Council.
    40 | D        | Found a radiant altar of Vehumet.
    45 | D        | Reached skill level 17 in Stealth
    58 | D        | Found Ranyraj's Jewellery Emporium.
    58 | D        | Found an ancient bone altar of Kikubaaqudgha.
    58 | D        | Found a hazy altar of Hepliaklqana.
    58 | D        | Found a hide-covered altar of Uskayaw.
    58 | D        | Found a basalt altar of Yredelemnul.
    58 | D        | Found an opulent altar of Gozag.
    58 | D        | Found a snail-covered altar of Cheibriados.
    58 | D        | Found a sacrificial altar of Ru.
    58 | D        | Found a shadowy altar of Dithmenos.
    58 | D        | Noticed a yak
    59 | D        | Found a stormy altar of Qazlal.
    59 | D        | Found a blossoming altar of Fedhas.
    59 | D        | Found a bloodstained altar of Trog.
    59 | D        | Found an iron altar of Okawaru.
    59 | D        | Found a glowing golden altar of the Shining One.
    59 | D        | Found a glowing silver altar of Zin.
    59 | D        | Found a white marble altar of Elyvilon.
    60 | D        | Killed a yak
    61 | D        | Reached skill level 5 in Short Blades
    61 | D        | Reached skill level 18 in Stealth
    61 | D        | Found a sparkling altar of Nemelex Xobeh.
    68 | D        | Became a worshipper of Dithmenos the Shadowed
    97 | D        | Found a burning altar of Makhleb.
    97 | D        | Found a shimmering altar of Xom.
    97 | D        | Noticed a slime creature
    98 | D        | Found a viscous altar of Jiyva.
    98 | D        | Found a corrupted altar of Lugonu.
   100 | D        | Killed a slime creature
   101 | D        | Reached skill level 20 in Stealth
   101 | D        | Reached XP level 7. HP: 37/37 MP: 8/8
   115 | D        | Noticed a kobold demonologist
   116 | D        | Noticed a glass eye
   116 | D        | Noticed a kobold demonologist
   118 | D        | Killed a glass eye
   119 | D        | Reached skill level 21 in Stealth
   119 | D        | Killed a kobold demonologist
   119 | D        | Reached * piety under Dithmenos
   120 | D        | Reached skill level 22 in Stealth
   120 | D        | Reached XP level 8. HP: 42/42 MP: 9/9
   121 | D        | Noticed a sixfirhy
   131 | D        | Killed a kobold demonologist
   132 | D        | Reached skill level 23 in Stealth
   179 | D        | Noticed Sonja
   183 | D        | Killed Sonja
   184 | D        | Reached skill level 5 in Fighting
   184 | D        | Reached skill level 25 in Stealth
   197 | D        | Noticed a deep troll
   199 | D        | Slain by a deep troll

Illustrated notes

Levels and vault maps discovered:
D:        dungeon_sprint_1 [red_sonja_temple_1, red_sonja_temple_small_1]

Skill      XL: |  1  2  3  4  5  6  7  8 |
---------------+-------------------------+-----
Fighting       | 2 3 4 5 |  5.3
Stealth        | 9 13 16 20 22 25 | 25.2
Short Blades   | 3 4 5 6 7 |  7.2
Dodging        | 2 5 7 |  7.1
Throwing       | |  2.5

Action                     |  1- 3 |  4- 6 |  7- 9 || total
---------------------------+-------+-------+-------++-------
  Melee: Dagger            |     2 |     4 |    13 ||    19
    Use: Potion            |       |       |     1 ||     1
   Stab: Sleeping          |     2 |     4 |     3 ||     9
 Armour: Robe              |       |       |     9 ||     9
  Dodge: Dodged            |       |       |    28 ||    28

Table legend: (Time is in decaauts)
 A = Elapsed time spent in this place.
 B = Non-inter-level travel time spent in this place.
 C = Inter-level travel time spent in this place.
 D = Time resting spent in this place.
 E = Time spent auto-exploring this place.
 F = Levels seen in this place.
 G = Mean time per level.
                   A        B        C        D        E       F      G
               +--------+--------+--------+--------+--------+-----+--------+
         Total |    159 |    159 |      0 |     36 |      1 |   1 |  159.0 |
       Dungeon |    159 |    159 |      0 |     36 |      1 |   1 |  159.0 |
               +--------+--------+--------+--------+--------+-----+--------+

Top non-repeatable levels by time:
       D: 159 daAuts
